 Dungeon Crawl Stone Soup version 0.18-a0-1343-g48c8f86 (webtiles) character file.

58 namelastname112 the Insei (level 3, -1/28 HPs)
             Began as a Draconian Transmuter on Feb 16, 2016.
             Slain by a giant frog skeleton (4 damage)
             ... on level 3 of the Dungeon.
             The game lasted 00:02:36 (1911 turns).

namelastname112 the Insei (Draconian Transmuter)    Turns: 1911, Time: 00:02:37

Health: -1/28      AC:  5    Str: 17    XL:     3   Next: 76%
Magic:  6/6        EV: 12    Int: 13    God:
Gold:   59         SH:  0    Dex: 12    Spells: 1 memorised, 5 levels left

rFire  . . .     SeeInvis .       - Unarmed
rCold  . . .     Gourm    .     (armour unavailable)
rNeg   . . .     Faith    .     (no shield)
rPois  .         Spirit   .     (helmet restricted)
rElec  .         Dismiss  .     (no cloak)
rCorr  .         Reflect  .     (no gloves)
SustAt .         Harm     .     (no boots)
MR     .....                    (no amulet)
Stlth  +.........               (no ring)
                                (no ring)

@: mighty, not resistant to hostile enchantments, very unstealthy
A: unfitting armour, cold-blooded, AC +5
a: no special abilities


You were on level 3 of the Dungeon.
You were very hungry.

You visited 1 branch of the dungeon, and saw 3 of its levels.

You collected 73 gold pieces.

Inventory:

Missiles
 a - 30 arrows
Scrolls
 d - a scroll of recharging {unknown}
 e - a scroll of noise {unknown}
 f - 2 scrolls of fog {unknown}
 h - a scroll of teleportation {unknown}
 k - 2 scrolls of identify {unknown}
Potions
 i - a potion of cure mutation {unknown}
 j - a potion of heal wounds {unknown}
 l - a potion of resistance {unknown}
 m - a potion of brilliance {unknown}
Books
 b - a book of Changes

   Spells                             Type                      Level
   a - Beastly Appendage              Transmutation                1
   b - Sticks to Snakes               Transmutation                2
   c - Spider Form                    Transmutation/Poison         3
   d - Ice Form                       Ice/Transmutation            4
   e - Blade Hands                    Transmutation                5
Comestibles
 c - 2 bread rations


   Skills:
 - Level 1.1 Fighting
 - Level 1.7 Dodging
 + Level 4.7 Unarmed Combat
 - Level 2.0 Spellcasting
 - Level 2.0 Transmutations


You had 5 spell levels left.
You knew the following spells:

 Your Spells              Type           Power        Failure   Level  Hunger
a - Beastly Appendage     Trmt           #.....       12%         1    ##.....


Dungeon Overview and Level Annotations

Branches:
Dungeon (3/15)

Altars:
Nemelex Xobeh


Innate Abilities, Weirdness & Mutations

Your plain brown scales are hard (AC +5).
Your body does not fit into most forms of armour.
You are cold-blooded and may be slowed by cold attacks.


Message History

The ball python closely misses you. The ball python constricts you.
You escape the ball python's grasp.
Drink which item? (? for menu, Esc to quit)
It was a potion of cancellation.
You feel magically purged. The orc hits you with a dagger.
* * * LOW HITPOINT WARNING * * *
Drink which item? (? for menu, Esc to quit)
It was a potion of might.
You feel very mighty all of a sudden. The orc closely misses you.
You closely miss the orc. The orc hits you with a dagger.
* * * LOW HITPOINT WARNING * * *
You punch the orc!
You kill the orc!
The giant frog skeleton hits you but does no damage.
You barely miss the giant frog skeleton.
The giant frog skeleton closely misses you.
You barely miss the giant frog skeleton.
The giant frog skeleton hits you.
You die...

#....Z.# J#
##r###.##
.###..
#..##..##......
##..##.rJ#
##.####K# #r#
#!# #S# #.##
#Z# #..## #@#
##..# #.# ##.##
#.# #..########
..# ##.........
... #.........
##.. #.....?...
#.. #....)<...
###. #.....>...
#.....<...


You could see a quokka, a ball python and a giant frog skeleton.

Vanquished Creatures
  2 adders (D:2)
  An ooze (D:2)
  An orc (D:3)
  2 ball pythons
  A giant cockroach (D:1)
  2 hobgoblins (D:2)
  3 jackals (D:1)
  5 bats
  3 giant newts
  7 goblins
  5 kobolds
  3 rats (D:2)
35 creatures vanquished.

Notes
Turn   | Place    | Note
--------------------------------------------------------------
     0 | D:1      | namelastname112 the Draconian Transmuter began the quest for the Orb.
     0 | D:1      | Reached XP level 1. HP: 16/16 MP: 3/3
   483 | D:1      | Reached XP level 2. HP: 23/23 MP: 5/5
  1030 | D:2      | Reached skill level 4 in Unarmed Combat
  1093 | D:2      | Found a sparkling altar of Nemelex Xobeh.
  1142 | D:2      | Reached XP level 3. HP: 10/28 MP: 6/6
  1911 | D:3      | Slain by a giant frog skeleton

Vault maps used:
D:1:      wheals_arrival_shading
D:2:      nemelex_deck, first_bread, roderic_cross_of_infinity,
          serial_bayou_lagoon_b

Action                   || total
-------------------------++-------
Melee: Unarmed           ||   137
Evoke: Deck              ||     5
  Use: Potion            ||     2
  Eat: Chunk             ||     2
